Map: Одиссея РВ

Players

ИИ 1 (эксперт) - Winner!

  • Race: Terran Terran
  • Spawn Location: 11:00

Doll

  • Race: Zerg Zerg
  • Spawn Location: 5:00

VOD

Have the link to the VOD?

Description

Time

  • Played on: Oct. 6, 2022, 9:26 a.m.
  • Length: 6:33
Show
View Real Time Build Order
Export as new Build Order

ИИ 1 (эксперт) Terran - Winner!

Build Orders: Command Center First (CC) 

Get SALT Encoding   

  12  0:00  SCV  
  13  0:13  SCV  
  14  0:18  Supply Depot  
  14  0:25  SCV  
  15  0:39  SCV  
  16  0:51  SCV  
  17  1:03  Command Center, SCV  
  18  1:17  Barracks  
  19  1:18  SCV  
  19  1:48  Supply Depot  
  19  1:52  Refinery  
  19  1:54  SCV  
  20  2:05  Marine  
  20  2:07  Orbital Command  
  21  2:12  Barracks  
  21  2:15  SCV  
  22  2:23  Refinery, Marine  
  22  2:28  SCV  
  24  2:40  Supply Depot  
  24  2:41  Marine  
  24  2:42  SCV  
  26  2:51  Orbital Command  
  26  2:56  SCV  
  27  2:58  Marine  
  27  2:59  Marine  
  29  3:06  Factory  
  29  3:08  SCV  
  30  3:16  Marine  
  30  3:17  SCV, Marine  
  33  3:20  SCV  
  34  3:29  SCV  
  34  3:32  SCV  
  36  3:34  Marine x2  
  36  3:35  Barracks  
  38  3:41  SCV  
  38  3:44  SCV  
  40  3:51  Factory Tech Lab  
  40  3:53  SCV  
  40  3:54  Barracks Tech Lab x2, Starport  
  41  3:57  SCV  
  42  4:06  SCV  
  42  4:09  SCV  
  44  4:12  Marine x2  
  44  4:13  Supply Depot  
  44  4:14  Combat Shield  
  44  4:15  Stimpack  
  46  4:18  SCV  
  46  4:21  SCV  
  46  4:22  Marine  
  49  4:30  SCV, Marine x2  
  52  4:32  Supply Depot  
  52  4:33  SCV  
  52  4:35  Medivac  
  55  4:42  SCV  
  55  4:45  SCV  
  57  4:46  Marine  
  57  4:47  Supply Depot  
  57  4:48  Marine  
  57  4:49  Siege Tank  
  62  4:53  Marine  
  62  4:54  SCV  
  62  4:57  SCV, Supply Depot  
  65  5:04  Refinery  
  65  5:06  SCV, Marauder  
  68  5:09  SCV  
  68  5:11  Refinery  
  68  5:12  Marauder  
  71  5:18  SCV  
  72  5:21  SCV  
  72  5:24  Hellion  
  72  5:26  Engineering Bay  
  72  5:27  Marauder  
  77  5:35  Command Center, Supply Depot  
  77  5:46  Marauder, Hellion  
  77  5:47  SCV  
  77  5:48  SCV  
  83  5:56  Marauder  
  85  5:59  SCV  
  85  6:00  SCV, Supply Depot  
  87  6:07  Marauder, Hellion  
  87  6:08  Engineering Bay  
  92  6:11  SCV  
  92  6:12  Barracks Reactor  
  94  6:23  Missile Turret  
  94  6:25  Missile Turret  
  93  6:26  Supply Depot  
  93  6:27  Starport Reactor, Barracks  
Show
View Real Time Build Order
Export as new Build Order

Doll Zerg 

Build Orders: Hatch First 

Get SALT Encoding   

  12  0:00  Drone  
  13  0:08  Drone  
  14  0:14  Extractor  
  14  0:16  Drone  
  15  0:22  Overlord  
  15  0:48  Hatchery  
  15  0:49  Drone  
  15  0:52  Drone  
  16  0:57  Drone  
  16  1:01  Extractor  
  16  1:02  Drone  
  17  1:11  Drone  
  18  1:22  Spawning Pool  
  18  1:24  Drone  
  18  1:32  Drone  
  19  1:43  Drone  
  20  1:53  Overlord  
  21  2:01  Drone  
  21  2:09  Queen x2  
  21  2:10  Zergling x2  
  21  2:11  Zergling x2  
  27  2:16  Metabolic Boost  
  27  2:20  Drone  
  28  2:25  Drone, Extractor  
  28  2:30  Drone  
  28  2:32  Zergling x2  
  30  2:39  Zergling x2  
  30  2:40  Spine Crawler  
  30  2:44  Zergling x2  
  31  2:52  Drone  
  31  2:54  Lair  
  31  2:58  Zergling x2  
  33  3:00  Drone  
  34  3:06  Overlord  
  34  3:10  Drone  
  35  3:32  Drone  
  36  3:35  Drone  
  36  3:36  Hatchery  
  36  3:37  Drone  
  38  3:41  Drone  
  38  3:43  Drone  
  38  3:47  Drone  
  40  3:50  Drone  
  41  3:57  Hydralisk Den  
  41  3:58  Drone  
  41  4:01  Drone  
  42  4:05  Overlord  
  42  4:13  Roach Warren  
  42  4:15  Drone  
  42  4:17  Drone  
  42  4:19  Drone  
  44  4:24  Overlord  
  44  4:28  Hydralisk  
  46  4:31  Hydralisk  
  46  4:36  Hydralisk  
  50  4:41  Hydralisk  
  50  4:45  Hydralisk  
  54  4:48  Hydralisk  
  54  4:52  Hydralisk  
  58  4:56  Roach  
  58  4:58  Roach  
  62  5:01  Overlord  
  62  5:05  Roach  
  64  5:08  Roach  
  64  5:11  Pneumatized Carapace  
  66  5:19  Overlord  
  66  5:22  Roach  
  66  5:26  Roach  
  66  5:28  Roach  
  72  5:31  Roach  
  72  5:34  Overlord  
  74  5:38  Overseer  
  74  5:40  Overseer  
  74  5:46  Drone x3  
  74  5:47  Drone  
  74  5:48  Drone  
  79  5:50  Drone  
  79  5:52  Drone  
  79  5:54  Drone  
  82  6:01  Drone x3  
  82  6:02  Drone  
  82  6:03  Drone  
  87  6:05  Drone  
  88  6:12  Baneling Nest  
  88  6:15  Drone x2  
  88  6:16  Drone, Evolution Chamber  
  88  6:18  Drone  
  90  6:23  Extractor  
Tags
 
Add a new tag
Caveats
  • Supply blocks, unpowered buildings, or Contaminate may cause inaccurate times.
  • Supply counts are checked every 10 seconds.